 Dungeon Crawl Stone Soup version 0.25.1-1-g288607f5aa (webtiles) character file.

Game seed: 15648319928318202308

349 Delamore the Cudgeler (level 6, -7/37 HPs)
             Began as a Gargoyle Fighter on July 26, 2020.
             Shot with an arrow by a centaur (8 damage)
             ... on level 5 of the Dungeon.
             The game lasted 00:02:53 (3193 turns).

Delamore the Cudgeler (Gargoyle Fighter)            Turns: 3193, Time: 00:02:54

Health: -7/37      AC: 12    Str: 22    XL:     6   Next: 60%
Magic:  6/6        EV:  7    Int:  8    God:
Gold:   228        SH:  9    Dex:  9    Spells: 5/5 levels left

rFire    . . .     SeeInvis .   a - +0 flail
rCold    . . .     Gourm    .   c - +0 kite shield
rNeg     + . .     Faith    .   b - +0 scale mail
rPois    ∞         Spirit   .   (no helmet)
rElec    +         Reflect  .   (no cloak)
rCorr    .         Harm     .   n - +0 pair of gloves
MR       .....                  (no boots)
Stlth    ..........             (no amulet)
HPRegen  0.12/turn              g - ring of attention (curse)
MPRegen  0.10/turn              (no ring)

@: no status effects
A: negative energy resistance 1, electricity resistance, unbreathing,
petrification resistance, rot immunity, AC +4
a: no special abilities


You were on level 5 of the Dungeon.
You were hungry.

You visited 1 branch of the dungeon, and saw 5 of its levels.

You collected 228 gold pieces.

Inventory:

Hand Weapons
 a - a +0 flail (weapon)
Missiles
 r - 8 javelins (quivered)
 t - 4 atropa-tipped darts
Armour
 b - a +0 scale mail (worn)
 c - a +0 kite shield (worn)
 n - a +0 pair of gloves (worn)
Jewellery
 g - a cursed ring of attention (left hand)
Scrolls
 i - 2 scrolls of teleportation
 j - 6 scrolls of fear
 o - 2 scrolls of enchant weapon
 s - a scroll of fog
 u - a scroll of immolation
 v - a scroll of enchant armour
 x - a scroll of remove curse
Potions
 d - 2 potions of might
 e - a potion of heal wounds {unknown}
 h - a potion of ambrosia {unknown}
 l - a potion of flight {unknown}
 m - a potion of brilliance {unknown}
 p - 2 potions of magic {unknown}
 w - a potion of stabbing {unknown}
 z - a potion of curing {unknown}
Comestibles
 f - 7 rations


   Skills:
 - Level 3.2 Fighting
 + Level 6.8 Maces & Flails
 - Level 3.2 Armour
 - Level 3.2 Shields


You had 5 spell levels left.
You didn't know any spells.
Your spell library was empty.

Dungeon Overview and Level Annotations

Branches:
Dungeon (5/15)
 Temple: D:4-7

Altars:
Ashenzari
Uskayaw


Innate Abilities, Weirdness & Mutations

You are resistant to torment.
Your stone body is resilient. (AC +4)
You are immune to poison.
You resist negative energy. (rN+)
You are resistant to electric shocks. (rElec)
You can survive without breathing.
You are immune to petrification.
You are immune to rotting.


Message History

You completely miss the ice beast.
The ice beast is almost dead.
The ice beast closely misses you.
You barely miss the ice beast.
The ice beast is almost dead.
You block the ice beast's attack.
You hit the ice beast.
You kill the ice beast!
The quokka bites you but does no damage.
You miss the quokka. The quokka closely misses you.
You closely miss the quokka.
The quokka twitches its whiskers.
The quokka barely misses you.
The quokka bites you but does no damage.
You thump the quokka!
You kill the quokka!
The centaur shoots an arrow.
The arrow hits you!
* * * LOW HITPOINT WARNING * * *
The centaur shoots an arrow.
The arrow hits you!
You die...

#######........
#....##.........
#....##..........
#....##..........
#....##..........
#....##..........
#####....##..........
#...'....@.c.........
#.###....###(........
#.#.'......#(........
#.#.#....#.#((....(..
#.#.#....#.#.........
#.#......#.#.........
#.########.#.........
#<.........#.#######.
############..


You could see a centaur.

Vanquished Creatures
  A phantom (D:4)
  An ice beast (D:5)
  An orc priest (D:4)
  A worker ant (D:4)
  6 adders
  A worm (D:3)
  3 dart slugs (D:1)
  3 leopard geckos
  4 orcs
  5 bats
  5 giant cockroaches
  3 hobgoblins
  5 quokkas
  A ball python (D:4)
  4 frilled lizards
  8 goblins
  5 kobolds
  2 rats (D:1)
59 creatures vanquished.

Notes
Turn   | Place    | Note
-------+----------+-------------------------------------------
     0 | D:1      | Delamore the Gargoyle Fighter began the quest for the Orb.
     0 | D:1      | Reached XP level 1. HP: 14/14 MP: 1/1
   118 | D:1      | Reached XP level 2. HP: 19/19 MP: 2/2
   213 | D:1      | Reached skill level 3 in Maces & Flails
   731 | D:1      | Reached XP level 3. HP: 23/23 MP: 3/3
  1839 | D:2      | Reached skill level 4 in Maces & Flails
  1951 | D:3      | Reached XP level 4. HP: 28/28 MP: 4/4
  2211 | D:3      | Found a hide-covered altar of Uskayaw.
  2213 | D:3      | Noticed a +0 hand axe
  2214 | D:3      | Noticed a +0 hand axe
  2337 | D:4      | Reached skill level 5 in Maces & Flails
  2415 | D:4      | Reached XP level 5. HP: 30/32 MP: 5/5
  2519 | D:4      | Noticed a phantom
  2556 | D:4      | Killed a phantom
  2594 | D:4      | Reached skill level 6 in Maces & Flails
  2594 | D:4      | Reached XP level 6. HP: 19/37 MP: 6/6
  2938 | D:4      | Found a shattered altar of Ashenzari.
  3116 | D:5      | Entered Level 5 of the Dungeon
  3164 | D:5      | Noticed an ice beast
  3190 | D:5      | Killed an ice beast
  3193 | D:5      | HP: 1/37 [centaur/arrow (9)]
  3193 | D:5      | Shot with an arrow by a centaur

Illustrated notes

Levels and vault maps discovered:
D:1:      dpeg_arrival_tiny_d, layout_loops_ring, minmay_misc_feat_more_columns
D:2:      layout_rooms, serial_corexii_hall, corexii_hall_statues_l,
          corexii_hall_statues_x, corexii_hall_statues_x,
          chequers_hall_statues_y, chequers_hall_statues_wall_a,
          corexii_hall_statues_l, first_ration
D:3:      layout_rooms, dancing_weapons_uskayaw
D:4:      layout_cave_pools, nicolae_ashenzari_panopticon
D:5:      layout_basic, kennysheep_mini, gammafunk_temple_overflow_elements,
          gup_sewer_entry_bowl

Skill      XL: |  1  2  3  4  5 |
---------------+----------------+-----
Maces & Flails | 3 4 5 6 |  6.8
Fighting       | |  3.2
Armour         | |  3.2
Shields        | |  3.2

Action                   |  1- 3 |  4- 6 || total
-------------------------+-------+-------++-------
Melee: Flail             |   149 |   147 ||   296
Throw: Javelin           |       |     7 ||     7
  Use: Scroll            |       |     7 ||     7
  Eat: Chunk             |     4 |     3 ||     7
Armor: Scale mail        |   109 |    80 ||   189
Dodge: Dodged            |    62 |    58 ||   120
Block: Kite shield       |    97 |    90 ||   187
